 Dungeon Crawl Stone Soup version 0.18-a0-1109-gfc003ac (webtiles) character file.

186 gorblad the Ducker (level 5, -5/41 HPs)
             Began as a Mummy Fighter on Jan 17, 2016.
             Slain by an ogre
             ... wielding a +0 giant club
              (9 damage)
             ... on level 4 of the Dungeon.
             The game lasted 00:05:50 (2765 turns).

gorblad the Ducker (Mummy Fighter)                  Turns: 2765, Time: 00:05:50

Health: -5/41      AC:  7    Str: 21    XL:     5   Next: 38%
Magic:  5/5        EV:  9    Int:  7    God:
Gold:   94         SH:  9    Dex: 11    Spells: 0 memorised, 4 levels left

rFire  x . .     SeeInvis .     a - +0 long sword
rCold  + . .     Gourm    .     b - +0 scale mail
rNeg   + + +     Faith    .     c - +0 shield
rPois  ∞         Spirit   .     (no helmet)
rElec  .         Dismiss  .     (no cloak)
rCorr  .         Reflect  .     (no gloves)
SustAt .         Harm     .     f - +0 pair of boots
MR     .....                    (no amulet)
Stlth  ..........               (no ring)
                                (no ring)

@: not resistant to hostile enchantments, extremely unstealthy
A: no food or potions, fire vulnerability, cold resistance 1, negative energy
resistance 3, torment resistance, unbreathing
a: no special abilities


You were on level 4 of the Dungeon.
You were not hungry.

You visited 1 branch of the dungeon, and saw 4 of its levels.

You collected 94 gold pieces.

Inventory:

Hand Weapons
 a - a +0 long sword (weapon)
Armour
 b - a +0 scale mail (worn)
 c - a +0 shield (worn)
 f - a +0 pair of boots (worn)
Wands
 i - a wand of flame (16/48)
Scrolls
 d - 3 scrolls of teleportation
 e - 4 scrolls of identify
 g - 2 scrolls of recharging
 h - a scroll of remove curse


   Skills:
 - Level 3.0 Fighting
 - Level 1.5 Long Blades
 - Level 2.4 Armour
 + Level 4.2 Dodging
 - Level 2.4 Shields


You had 4 spell levels left.
You didn't know any spells.

Dungeon Overview and Level Annotations

Branches:
Dungeon (4/15)
 Temple: D:4-7

Altars:
Qazlal


Innate Abilities, Weirdness & Mutations

You do not eat or drink.
Your flesh is vulnerable to fire.
You are immune to poison.
Your flesh is cold resistant.
You are immune to negative energy.
You are immune to unholy pain and torment.
You can survive without breathing.


Message History

Your shield prevents you from hitting the ogre.
The ogre is moderately wounded.
The ogre hits you with a giant club!
You hit the ogre but do no damage.
The ogre is moderately wounded.
The ogre hits you with a giant club!!
Ouch! That really hurt!
* * * LOW HITPOINT WARNING * * *
You are too injured to fight recklessly!
You are too injured to fight recklessly!
You are too injured to fight recklessly!
You can't drink.
You can't eat.
Read which item? (? for menu, Esc to quit)
Okay, then.
There is a stone staircase leading up here.
You see here a yellow potion.
The ogre barely misses you. The ogre hits you with a giant club!
You die...

###### #....#
########### #....#
##.......... #....#
########..#####.###
#....# ####.@..<....#
#....§# #....#
#..!O..####..###.....#
#....#
######.......#...._...
#....######
######....#.....#
#.........#
##...#§...§#
#########.#
##..###.### #.#
##!<...#
#.############.###.##
#.........[...........


You could see an ogre.

Vanquished Creatures
  A hound (D:4)
  A worker ant (D:4)
  An iguana (D:3)
  A hound skeleton (D:4)
  3 adders
  4 worms
  3 giant geckos
  3 orcs (D:4)
  2 giant cockroaches
  3 goblins (D:1)
  7 hobgoblins
  2 quokkas (D:4)
  7 bats
  3 giant newts
  7 kobolds
  6 rats
54 creatures vanquished.

Notes
Turn   | Place    | Note
--------------------------------------------------------------
     0 | D:1      | gorblad the Mummy Fighter began the quest for the Orb.
     0 | D:1      | Reached XP level 1. HP: 18/18 MP: 1/1
   152 | D:1      | Reached skill level 1 in Dodging
   226 | D:1      | Reached XP level 2. HP: 20/24 MP: 2/2
  1131 | D:2      | Reached XP level 3. HP: 13/29 MP: 3/3
  1978 | D:3      | Reached XP level 4. HP: 35/35 MP: 4/4
  2458 | D:3      | You fall through a shaft!
  2536 | D:4      | Reached XP level 5. HP: 31/41 MP: 5/5
  2572 | D:4      | Reached skill level 4 in Dodging
  2717 | D:4      | Found a stormy altar of Qazlal.
  2738 | D:4      | Noticed an ogre
  2744 | D:4      | HP: 1/41 [ogre/giant club (22)]
  2765 | D:4      | Slain by an ogre

Vault maps used:
D:1:      dpeg_arrival_circle_labyrinth_c
D:2:      first_bread
D:4:      grunt_qazlal_clouds, minmay_misc_feat_alley, uniq_grinder

Action                   |  1- 3 |  4- 6 || total
-------------------------+-------+-------++-------
Melee: Long sword        |   146 |    84 ||   230
  Use: Scroll            |     4 |       ||     4
